Cogmind - Beta 14 @@@ ROGUE MODE // 2025.05.03 @ 13:45:14 Player: Sunvar Result: Self-destructed Performance ------------- Evolutions (0) 0 Regions Visited (4) 800 Robots Destroyed (36) 180 Value Destroyed (690) 690 Prototype IDs (23) 460 Alien Tech Used (0) 0 Bonus (402) 402 TOTAL SCORE: 2532 Bonus ------- Follower Combat Kills 141 Aligned with FarCom 300 Friendly Fire -39 Cogmind --------- Core Integrity 104/250 Matter 296/300 Energy 100/100 System Corruption 0% Temperature Cool (0) Movement Core (700) Ox13 Location -9/Mines Parts ------- > --- POWER (1) -------- (None) > --- PROPULSION (2) --- (None) > --- UTILITY (2) ------ High-capacity Storage Unit > --- WEAPON (2) ------- (None) > --- INVENTORY (20) --- Light Ion Engine Makeshift Power Source Light Treads Light Treads Light Treads Armored Wheel Improved Heat Sink High-capacity Matter Pod (200) ECM Suite Light Armor Plating Hacking Suite Tractor Beam Chronowheel Light Assault Rifle Light Assault Rifle Heavy Assault Rifle Light Cannon Datajack Peak State ------------ > --- POWER ------------ Light Nuclear Core > --- PROPULSION ------- Light Treads Armored Wheel > --- UTILITY ---------- Improved Heat Sink Small Storage Unit > --- WEAPON ----------- Heavy Assault Rifle Heavy Assault Rifle > --- INVENTORY -------- Light Ion Engine Light Treads Armored Wheel Armored Wheel Armored Wheel Light Assault Rifle Heavy Assault Rifle Heavy Assault Rifle [Rating: 15] Favorites ----------- Power Light Nuclear Core Engine Light Ion Engine Power Core Light Nuclear Core Propulsion Armored Wheel Treads Light Treads Leg Aluminum Leg Wheel Armored Wheel Utility Light Armor Plating Device Improved Heat Sink Storage High-capacity Storage Unit Protection Light Armor Plating Weapon Heavy Assault Rifle Energy Gun Medium Laser Ballistic Gun Heavy Assault Rifle Ballistic Cannon Light Cannon Build | -11 -10 -10 -10 -9 ------- Run | Yrd Mat Min Exi Min Slots Evolved . | . . . . . Power . | . . . . . Propulsion . | . . . . . Utility . | . . . . . Weapon . | . . . . . Parts Attached 20 | . 18 . . 2 Power 3 | . 3 . . . Engine . | . . . . . Core 3 | . 3 . . . Reactor . | . . . . . Propulsion 6 | . 4 . . 2 Treads 4 | . 3 . . 1 Leg . | . . . . . Wheel 2 | . 1 . . 1 Hover . | . . . . . Flight . | . . . . . Utility 7 | . 7 . . . Device 1 | . 1 . . . Storage 3 | . 3 . . . Processor . | . . . . . Hackware . | . . . . . Protection 3 | . 3 . . . Artifact . | . . . . . Weapon 4 | . 4 . . . Energy Gun . | . . . . . Energy Cannon . | . . . . . Ballistic Gun 3 | . 3 . . . Ballistic Cannon 1 | . 1 . . . Launcher . | . . . . . Special Weapon . | . . . . . Impact Weapon . | . . . . . Slashing Weapon . | . . . . . Piercing Weapon . | . . . . . Special Melee Weapon . | . . . . . Unidentified Prototypes . | . . . . . Parts Lost 12 | . 4 . . 8 Power 2 | . 1 . . 1 Propulsion 4 | . . . . 4 Utility 2 | . 1 . . 1 Weapon 4 | . 2 . . 2 Highest Loss Streak 8 | . 2 . . 8 To Critical Strikes . | . . . . . Average Slot Usage (%) 98 | . 98 100 100 92 Core 13 | . 12 14 14 12 Treads 13 | . 13 14 14 13 Wheel 13 | . 13 14 14 14 Storage 14 | . 14 14 14 14 Protection 13 | . 12 14 14 12 Ballistic Gun 20 | . 27 14 14 14 Ballistic Cannon 7 | . . 14 14 11 Peak Build Rating 15 | . 15 14 15 15 Average Rating 13 | . 13 13 14 14 On Entrance 10 | 6 6 13 14 15 Naked Turns . | . . . . . Heaviest Build 54 | 11 54 54 54 54 Greatest Support 20 | 20 20 12 12 12 Greatest Overweight (x) 4 | . 4 4 4 4 Average Overweight (x) 3 | . 3 4 4 3 Largest Inventory Capacity 20 | . 20 20 20 20 Average Capacity 18 | . 16 20 20 20 Most Carried 20 | . 20 20 20 20 Average Carried 16 | . 13 19 19 19 Final Capacity 20 | 8 20 20 20 20 Final Carried 20 | 6 17 20 20 18 Class Distribution -------------------- 100% | Mutant Dominant Class ---------------- Mutant | -10/Materials Mutant | -10/Mines Mutant | -10/Exiles Mutant | -9/Mines Resources | -11 -10 -10 -10 -9 ----------- Run | Yrd Mat Min Exi Min Matter Collected 1121 | 200 639 275 . 7 Remotely . | . . . . . Salvage Created 1212 | . 1094 96 . 22 Parts 80 | . 62 14 . 4 Haulers Intercepted 2 | . 2 . . . Recyclers Shooed 4 | . 4 . . . Parts Field Recycled . | . . . . . Retrieved Matter . | . . . . . Parts Self-Destructed . | . . . . . Prevented . | . . . . . Kills | -11 -10 -10 -10 -9 ------- Run | Yrd Mat Min Exi Min Combat Hostiles Destroyed 16 | . 13 3 . . Guns 13 | . 13 . . . Cannons 3 | . . 3 . . Classes Destroyed 10 | . 7 3 . . Worker 4 | . 2 2 . . Builder 2 | . 2 . . . Tunneler 2 | . . 1 . 1 Hauler 2 | . 2 . . . Recycler 4 | . 4 . . . Operator 2 | . 2 . . . Watcher 3 | . 3 . . . Swarmer 3 | . . 3 . . Grunt 13 | . 13 . . . Zionite 1 | . . 1 . . Best Kill Streak 3 | . 3 3 . 1 Combat Bots Only 3 | . 2 3 . . Max Kills in Single Turn 2 | . 2 2 . 1 Gunslinging . | . . . . . Exploded . | . . . . . Melee . | . . . . . Uniques/NPCs Destroyed . | . . . . . Combat | -11 -10 -10 -10 -9 -------- Run | Yrd Mat Min Exi Min Hostile Shots Fired 126 | . 68 7 . 51 Missed 30 | . 13 1 . 16 Damage Taken 1566 | . 775 52 . 739 Core 146 | . 57 7 . 82 Absorbed by Shields . | . . . . . Regen/Repaired (Parts) 44 | . 44 . . . Core Remaining (%) 100 | 100 . . . . Volleys Fired 97 | . 85 7 . 5 Largest 2 | . 2 2 . 2 Hottest 70 | . 70 58 . 58 Shots Fired 191 | . 170 14 . 7 Gun 182 | . 170 7 . 5 Cannon 9 | . . 7 . 2 Launcher . | . . . . . Special . | . . . . . Kinetic 190 | . 169 14 . 7 Thermal 1 | . 1 . . . Explosive . | . . . . . Electromagnetic . | . . . . . Robot Hit Streak 16 | . 16 9 . 10 Robot Miss Streak 6 | . 6 2 . 3 Penetration Max . | . . . . . Secondary Targets . | . . . . . Shots Hit Robots 110 | . 97 10 . 3 Core Hits 49 | . 41 7 . 1 Critical Kills 1 | . 1 . . . Critical Parts Destroyed . | . . . . . Critical Strikes 1 | . 1 . . . Destroy 1 | . 1 . . . Melee Attacks . | . . . . . Impact . | . . . . . Slashing . | . . . . . Piercing . | . . . . . Sneak Attacks . | . . . . . Combat Hostiles . | . . . . . Follow-up Attacks . | . . . . . Damage Inflicted 1986 | . 1764 176 . 46 Guns 1645 | . 1515 84 . 46 Cannons 92 | . . 92 . . Explosions 249 | . 249 . . . Melee . | . . . . . Ramming . | . . . . . Kinetic 1725 | . 1503 176 . 46 Thermal 12 | . 12 . . . Explosive 249 | . 249 . . . Electromagnetic . | . . . . . Impact . | . . . . . Slashing . | . . . . . Piercing . | . . . . . Highest Corruption . | . . . . . Average Corruption . | . . . . . Corruption Purged . | . . . . . Corruption Blocked . | . . . . . Overload Shots . | . . . . . Overflow Damage . | . . . . . Projectiles . | . . . . . Explosions . | . . . . . Melee . | . . . . . Knockbacks . | . . . . . Impact . | . . . . . Kinetic . | . . . . . Secondary . | . . . . . Self-Inflicted Damage . | . . . . . Shots . | . . . . . Rammed . | . . . . . Targets Rammed . | . . . . . Kicked . | . . . . . Crushed . | . . . . . Highest Temperature 90 | . 90 36 . 12 Average Temperature 28 | . 31 13 . 6 Received Heat Transfer 508 | . 462 . . 46 Siege Activations . | . . . . . Robots Corrupted . | . . . . . Combat Hostiles . | . . . . . Parts Fried . | . . . . . Impact Corruptions . | . . . . . Robots Melted . | . . . . . Combat Hostiles . | . . . . . Parts Melted . | . . . . . Heat Transferred 37 | . 37 . . . Parts Sabotaged . | . . . . . Parts Stolen . | . . . . . Parts Stripped . | . . . . . Power Chain Reactions . | . . . . . Alert | -11 -10 -10 -10 -9 ------- Run | Yrd Mat Min Exi Min Peak Influence 267 | . 228 267 . 63 Initial 45 | . . 45 . . Average 102 | . 111 101 . 35 Maximum Alert Level 1 | . 1 1 . . Low Security (%) 85 | . 84 84 . 100 Level 1 14 | . 15 15 . . Level 2 . | . . . . . Level 3 . | . . . . . Level 4 . | . . . . . Level 5 . | . . . . . High Security . | . . . . . Max Security . | . . . . . Squads Dispatched 4 | . 4 . . . Investigation 2 | . 2 . . . Extermination . | . . . . . Reinforcement 2 | . 2 . . . Assault . | . . . . . Garrison . | . . . . . Intercept . | . . . . . Searches Triggered . | . . . . . Construction Impeded . | . . . . . Haulers Reinforced . | . . . . . Active Scanning Responses . | . . . . . Cargo Convoy Interrupts . | . . . . . Stealth | -11 -10 -10 -10 -9 --------- Run | Yrd Mat Min Exi Min Distress Signals 1 | . 1 . . . Communications Jammed . | . . . . . Distress Signals . | . . . . . Times Spotted 50 | . 24 4 . 22 Peak Tracking Total 18 | . 3 3 . 18 Tactical Retreats 2 | . . . . 2 Traps | -11 -10 -10 -10 -9 ------- Run | Yrd Mat Min Exi Min Traps Triggered 5 | . 5 . . . Indirectly . | . . . . . Trap Hack Attempts . | . . . . . Triggered . | . . . . . Disarmed . | . . . . . Reprogrammed . | . . . . . Reused . | . . . . . Traps Extracted . | . . . . . Installed . | . . . . . Triggered . | . . . . . Machines | -11 -10 -10 -10 -9 ---------- Run | Yrd Mat Min Exi Min Machines Disabled 3 | . 2 1 . . Max in Single Turn 2 | . 2 . . . Machines Repaired . | . . . . . Machines Dismantled . | . . . . . Machines Sabotaged . | . . . . . Overloaded Fab Kills . | . . . . . Hacking | -11 -10 -10 -10 -9 --------- Run | Yrd Mat Min Exi Min Machines Accessed 9 | . 7 . 2 . Terminals 6 | . 6 . . . Fabricators . | . . . . . Repair Stations 1 | . 1 . . . Recycling Units . | . . . . . Scanalyzers . | . . . . . Garrison Access . | . . . . . Total Hacks 22 | . 20 . 2 . Successful 14 | . 12 . 2 . Failed 8 | . 8 . . . Catastrophic 1 | . 1 . . . Database Lockouts . | . . . . . Manual 11 | . 10 . 1 . Terminals 18 | . 18 . . . Fabricators . | . . . . . Repair Stations 2 | . 2 . . . Recycling Units . | . . . . . Scanalyzers . | . . . . . Garrison Access . | . . . . . Terminal Hacks 8 | . 6 . 2 . Record 1 | . . . 1 . Robot Analysis 4 | . 4 . . . Locate Traps 1 | . 1 . . . Hauler Manifests 1 | . 1 . . . Derelict Proto ID Bank 1 | . . . 1 . Fabricator Hacks . | . . . . . Repair Station Hacks 2 | . 2 . . . Scan Component 1 | . 1 . . . Repair 1 | . 1 . . . Recycling Unit Hacks . | . . . . . Scanalyzer . | . . . . . Garrison Access Hacks . | . . . . . Unauthorized Hacks 4 | . 4 . . . Terminals 4 | . 4 . . . Botnet 3 | . 3 . . . Operators 1 | . 1 . . . Fabricators . | . . . . . Repair Stations . | . . . . . Recycling Units . | . . . . . Scanalyzers . | . . . . . Garrison Access . | . . . . . Data Cores Recovered . | . . . . . Used . | . . . . . Hacking Detections 6 | . 6 . . . Full Trace Events . | . . . . . Feedback Events . | . . . . . Feedback Blocked . | . . . . . Robot Schematics Acquired . | . . . . . Robots Built . | . . . . . Authchips . | . . . . . Time . | . . . . . Total Robot Build Rating . | . . . . . Part Schematics Acquired . | . . . . . Parts Built . | . . . . . Authchips . | . . . . . Time . | . . . . . Total Part Build Rating . | . . . . . Parts Repaired 1 | . 1 . . . Time 26 | . 26 . . . Parts Recycled . | . . . . . Recycled Matter . | . . . . . Retrieved Matter . | . . . . . Retrieved Components . | . . . . . Parts Scanalyzed . | . . . . . Part Schematics Acquired . | . . . . . Parts Damaged . | . . . . . Bothacking | -11 -10 -10 -10 -9 ------------ Run | Yrd Mat Min Exi Min Used RIF Installer . | . . . . . Robots Hacked . | . . . . . Non-combat . | . . . . . Combat . | . . . . . Robot Hacks Applied . | . . . . . Relay Couplers Released . | . . . . . Fabnet Peak Effective % . | . . . . . Robots Rewired . | . . . . . Allies Hacked . | . . . . . Hacks Repelled . | . . . . . Allies | -11 -10 -10 -10 -9 -------- Run | Yrd Mat Min Exi Min Total Allies 6 | . . 6 . . Largest Group 4 | . . 4 4 3 Highest-Rated Group 71 | . . 71 71 40 Highest-Rated Ally 31 | . . 31 31 16 Total Orders . | . . . . . Ally Attacks 32 | . . 14 . 18 Total Damage 411 | . . 209 . 202 Kills 7 | . . 5 . 2 Allies Corrupted . | . . . . . Allies Melted . | . . . . . Intel | -11 -10 -10 -10 -9 ------- Run | Yrd Mat Min Exi Min Robot Analysis Total 4 | . 4 . . . Derelict Logs Recovered 2 | . . 2 . . Drone Launches . | . . . . . Drone Recoveries . | . . . . . Exploration | -11 -10 -10 -10 -9 ------------- Run | Yrd Mat Min Exi Min Turns Passed 2803 | . 1352 878 414 159 Spaces Moved 1624 | 1 699 552 276 96 Core . | . . . . . Treads . | . . . . . Legs 17 | 1 16 . . . Wheels 1607 | . 683 552 276 96 Hover . | . . . . . Flight . | . . . . . Fastest Speed 105 | 120 105 150 150 135 Average Speed 144 | 120 136 150 150 148 Slowest Speed 150 | 120 150 150 150 150 Overloaded Moves . | . . . . . Propulsion Burnouts . | . . . . . Robots Hopped . | . . . . . Cave-ins Triggered . | . . . . . Exploration Rate (%) 56 | 2 99 94 60 26 Regions Visited 4 Branch Regions 3 Pre-discovered Areas 3 | . . 2 1 . Known Exits Taken . | . . . . . Unknown Exits Taken 4 | 1 1 1 1 . Scrap Searched 3 | . . 3 . . Spaces Dug . | . . . . . Terrain Destroyed . | . . . . . Melee . | . . . . . Projectile . | . . . . . AOE . | . . . . . Terrain Rammed . | . . . . . Walls Destroyed . | . . . . . Machines Disabled . | . . . . . Actions | -11 -10 -10 -10 -9 --------- Run | Yrd Mat Min Exi Min Total 1898 | . 927 589 277 105 Wait 121 | . 93 26 . 2 Move 1620 | . 698 551 275 96 Hop . | . . . . . Pick Up 23 | . 18 4 1 . Fast Attach 7 | . 7 . . . Attach 5 | . 3 . . 2 Detach 1 | . 1 . . . Swap 8 | . 8 . . . Drop 16 | . 14 1 1 . Fire 97 | . 85 7 . 5 Melee . | . . . . . Ram . | . . . . . Kick . | . . . . . Crush . | . . . . . Escape Stasis . | . . . . . Rewire . | . . . . . Trap . | . . . . . Miscellaneous . | . . . . . Route ------- -11/Scrapyard -10/Materials (discovered 4 exits: [*Mat x3] / [*Min]) -10/Mines (discovered 3 exits: [*Mat x2] / *Exi) -10/Exiles -9/Mines History --------- Turn | Location | Event 1 | -11/Scrapyard | Discovered new exit (range 0) 1 | -11/Scrapyard | Entered Materials 304 | -10/Materials | Build established: Mutant 316 | -10/Materials | Discovered new exit (range 16) 479 | -10/Materials | Repaired Lgt. Armor Plating 583 | -10/Materials | Discovered new exit (range 11) 685 | -10/Materials | Discovered new exit (range 4) 1022 | -10/Materials | Discovered new exit (range 4) 1353 | -10/Materials | Entered Mines 1453 | -10/Mines | Received a Mining Laser from a helpful Derelict 1512 | -10/Mines | Learned location of Storage (-9) 1599 | -10/Mines | Discovered new exit (range 10) 1821 | -10/Mines | Discovered new exit (range 7) 1944 | -10/Mines | Learned location of Mines (-9) 2106 | -10/Mines | Assisted by bots powering up and referring to "LRC-V3" 2207 | -10/Mines | Deemed a non-threat by the Exiles lab entrance 2207 | -10/Mines | Discovered new exit (range 5) 2231 | -10/Mines | Entered Exiles 2231 | -10/Exiles | Accompanied by 4 allies 2261 | -10/Exiles | Led the pair of lost Derelicts to a safe place 2269 | -10/Exiles | Met 8R-AWN 2290 | -10/Exiles | Met EX-HEX 2335 | -10/Exiles | Met EX-BIN 2353 | -10/Exiles | Aligned with FarCom system 2354 | -10/Exiles | Given EX-Vault access code 2389 | -10/Exiles | Opened EX-Vault 2406 | -10/Exiles | Found Chronowheel 2435 | -10/Exiles | Warned to stay clear of 0b10 Research branches 2479 | -10/Exiles | Met EX-DEC 2588 | -10/Exiles | Learned location of Zion (-6) 2633 | -10/Exiles | Discovered new exit (range 10) 2645 | -10/Exiles | Left Exiles lab with Chronowheel 2645 | -10/Exiles | Entered Mines 2645 | -9/Mines | Accompanied by 3 allies 2734 | -9/Mines | Assembled infested the area 2776 | -9/Mines | Lost 3 allies 2801 | -9/Mines | Core integrity fell below 50% 2804 | -9/Mines | Self-destructed Last Messages --------------- 02654_ G-47 Trooper heat damages Imp. Heat Sink, Broken Particle Gun. 02654_ G-47 Trooper overheating. 02655_ G-47 Trooper heat damages core (-10). 02680_ T-07 Excavator is excavating. 02683_ T-07 Excavator destroyed. 02686_ Acquired 7 matter. 02734_ ALERT: Infestation in the mines, dispatching Demolisher response squad. 02742_ Trooper 1b destroyed. 02742_ Trooper 1a suffers critical hit (Destroy). 02742_ Trooper 1a destroyed. 02776_ Lgt. Cannon destroyed. 02779_ Lgt. Treads destroyed. 02779_ Arm. Wheel destroyed. 02782_ Lgt. Armor Plating destroyed. 02785_ as-89345 destroyed. 02787_ Lgt. Nuclear Core destroyed. 02800_ Lgt. Treads destroyed. 02802_ Hvy. Assault Rifle destroyed. 02803_ Arm. Wheel destroyed. Map ----- +----------------------------------------------------+ | ?# ##????????????????????????????????????????? | | ?# ##???????????????????????????????????????? | | ?## ##??????????????????????????????????????? | | ??## #??????????????????????????????????????? | | ??## #??????????????????????????????????????? | | ??# ##??????????????????????????????????????? | | ??# ##???????????????????????????????????????? | | ??# ##????????????????????????????????????????? | | ??## ##?????????????????????????????????????????? | | ???# ##??????????????????????????????????????????? | | ???# #???????????????????????????????????????????? | | ???# #???????????????????????????????????????????? | | ???# #???????????????????????????????????????????? | | ???# #?????????????????????????? #???????????????? | | ???# #?????????????????????????? #???????????????? | | ???# #########????????????????? ##??????????????? | | ???# #????????????????# ### ??????????? | | ???# #????####?????### t ???????????? | | ???##### ## #???## ###??# ??????????? | | ???????# ## ##### ### #????????????? | | ##????## ## % #???????????????? | | ###### # #??????????????????? | | %! ####### a #???????????????????? | | =| ##????# ##a ##???????????????????? | | ## ###?????# ###aa##????????????????????? | | ## ##???????# ##?#@ #?????????????????????? | | # ##????????## ###??# #?????????????????????? | | ##?????????####????# #?????????????????????? | | #?????????????????# #?????????????????????? | | ### #???????????????? #?????????????????????? | | #?## #???????????????####?????????????????????? | | #??# #???????????????????????????????????????? | | #??## #???????????????????????????????????????? | | ##???# ##???????????????????????????????????????? | | %#???? ##????????????????????????????????????????? | | =#####$#?????????????????????????????????????????? | | #?????????????????????????????????????????? | | ########?????????????????????????????????????????? | | ?????????????????????????????????????????????????? | | ?????????????????????????????????????????????????? | | ?????????????????????????????????????????????????? | | ?????????????????????????????????????????????????? | | ?????????????????????????????????????????????????? | | ?????????????????????????????????????????????????? | | ?????????????????????????????????????????????????? | | ?????????????????????????????????????????????????? | | ?????????????????????????????????????????????????? | | ?????????????????????????????????????????????????? | | | | | +----------------------------------------------------+ Best States ------------- Heat Dissipation 39 Energy Generation 14 Energy Capacity 160 Matter Stores 300 Matter Capacity 300 Sight Range 16 Terrain Scan Density 10 Armor Coverage 150 Evasion (%) 55 Recoil Reduction 1 Item Schematics ----------------- None Robot Schematics ------------------ None Fabricated ------------ Nothing Alien Tech Used ----------------- None Achievements -------------- None Challenges ------------ None Game ------ Seed LatentNeutrinoBotcube Manual? 0 Play Time 00:21:03 Cumulative 134.0 hours Start 2025.04.28 @ 17:25:58 End 2025.05.03 @ 13:45:14 Sessions 10 Manual Loads 0 Difficulty Rogue Special Mode None Game No. 92 Rogue 92 Adventurer 0 Explorer 0 Win Type - Total 5 Types 4/0/1/0/0/0/0/0/0 Lore% 52 Gallery% 61 Achievement% 52 Wizard Run 0 Options --------- Layout 0 ASCII 0 Keyboard 1 Movement Numpad Keybinds 0 Fullscreen 1 Font 36/Proggy Map View 76x50 Zoom Use 4% Tactical HUD 1 Map Filters NONE Filters NONE Steam 1 RUN: e2f323d9-3438-429e-aea2-dc64fd07b821